 Dungeon Sprint DCSS version 0.31-a0-4-gefa6de2278 (webtiles) character file.

Game seed: 16536736478173616831

1133 fozzywoppz the Unseen (level 8, -21/49 HPs)
             Began as an Octopode Hedge Wizard on May 3, 2023.
             Was a Believer of Sif Muna.
             Demolished by a spatial vortex (26 damage)
             ... in the Dungeon (Sprint III: "The Ten Rune Challenge").
             The game lasted 00:04:14 (726 turns).

fozzywoppz the Unseen (Octopode Hedge Wizard)        Turns: 726, Time: 00:04:14

Health: -21/49     AC:  1    Str: 12    XL:     8   Next: 36%
Magic:  14/14      EV: 17    Int: 16    God:    Sif Muna [**....]
Gold:   33         SH:  0    Dex: 11    Spells: 11/15 levels left

rFire   + . .        a - +0 dagger
rCold   . . .        (no shield)
rNeg    . . .        b - +0 hat
rPois   .            (no amulet)
rElec   .            i - ring of protection from fire
rCorr   .            (no ring)
SInv    .            (no ring)
Will    .....        (no ring)
Stlth   +++++++      (no ring)
HPRegen 0.28/turn    (no ring)
MPRegen 0.14/turn    (no ring)
                     (no ring)

%: no teleportation, clarity
@: no status effects
A: almost no armour, amphibious, 8 rings, camouflage 1, gelatinous body 1,
(nimble swimmer 1), tentacles, clarity, frail 1, screaming 1, MP-powered wands
a: Renounce Religion, Channel Magic


You were in the Dungeon.
You worshipped Sif Muna.
Sif Muna was pleased with you.
You visited 1 branch You collected 33 gold pieces.

Inventory:

Hand Weapons
 a - a +0 dagger (weapon)
Armour
 b - a +0 hat (worn)
Jewellery
 i - a ring of protection from fire (left tentacle)
Wands
 o - a wand of flame (20)
Scrolls
 h - a scroll of blinking
 j - a scroll of poison
 k - a scroll of identify
 n - a scroll of immolation
Potions
 c - 3 potions of magic
 d - a potion of curing
 e - 2 potions of heal wounds
 f - a potion of haste
 g - 2 potions of berserk rage
 l - 2 potions of flight
 m - 2 potions of might


   Skills:
 + Level 5.0 Fighting
 + Level 11.2 Dodging
 - Level 15.0 Stealth
 - Level 4.0 Spellcasting
 - Level 4.0 Conjurations
 - Level 2.0 Summonings
 - Level 3.0 Translocations
 + Level 5.5 Invocations


You had 11 spell levels left.
You knew the following spells:

 Your Spells              Type           Power      Damage    Failure   Level
a - Magic Dart            Conj           64%        1d6       3%          1
b - Slow                  Hex            12%        N/A       17%         1
c - Blink                 Tloc           24%        N/A       8%          2

Your spell library contained the following spells:

 Spells                   Type           Power      Damage    Failure   Level
 Kiss of Death            Conj/Necr      36%        2d8       8%          1
 Call Imp                 Summ           18%        N/A       11%         2
 Cigotuvi's Dreadful Rot  Necr/Pois/Air  6%         N/A       26%         2
 Mephitic Cloud           Conj/Pois/Air  7%         N/A       30%         3
 Confusing Touch          Hex            3%         N/A       45%         3
 Ozocubu's Armour         Ice            3%         N/A       45%         3
 Dispel Undead            Necr           3%         3d7       86%         4
 Ozocubu's Refrigeration  Ice            1%         4d7       100%        7


Dungeon Overview and Level Annotations

Branches:
Dungeon (1/1)

Altars:
Cheibriados
Dithmenos
Elyvilon
Fedhas
Gozag
Hepliaklqana
Kikubaaqudgha
Makhleb
Nemelex Xobeh
Okawaru
Qazlal
Ru
Sif Muna
Trog
Uskayaw
Vehumet
Wu Jian
Xom
Yredelemnul
Zin
The Shining One
Jiyva
Lugonu


Innate Abilities, Weirdness & Mutations

You cannot wear most types of armour.
You are amphibious.
You can wear up to eight rings at the same time.
Your skin changes colour to match your surroundings (Stealth+).
Your rubbery body absorbs attacks. (AC +1, EV +1)
((You are camouflaged when in or above water. (Stealth+)))
You have tentacles for arms and can constrict up to eight enemies at once.
You possess an exceptional clarity of mind.
You are frail. (-10% HP)
You occasionally shout uncontrollably at your foes.
You expend magic power (3 MP) to strengthen your wands.


Message History

You destroy the shadow!
Sif Muna accepts your kill.
Your Dodging skill increases to level 11!
Your Invocations skill increases to level 5!
Unknown command.
The helpless jelly fails to defend itself.
You stick the jelly like a pincushion!!!
You kill the jelly!
Sif Muna accepts your kill.
Your Fighting skill increases to level 5!
You open the door.
Found five altars.
A spatial vortex comes into view.
Found an ivory wand.
Found five altars.
There is an open door here.
The spatial vortex hits you! Space warps horribly around you!
There is a snail-covered altar of Cheibriados here.
You hit the spatial vortex.
The spatial vortex is lightly damaged.
The spatial vortex misses you.
There is a hazy altar of Hepliaklqana here.
You hit the spatial vortex but do no damage.
There is a shimmering altar of Xom here.
You hit the spatial vortex.
The spatial vortex is lightly damaged.
You barely miss the spatial vortex. Your squeeze misses the spatial vortex.
The spatial vortex is lightly damaged.
You barely miss the spatial vortex.
The spatial vortex is lightly damaged.
You hit the spatial vortex but do no damage.
The spatial vortex is lightly damaged.
The spatial vortex barely misses you.
There is a sparkling altar of Nemelex Xobeh here.
You see here a wand of flame (20).
o - a wand of flame (20)
The spatial vortex hits you!!
* * * LOW HITPOINT WARNING * * *
Space warps horribly around you!!
Ouch! That really hurt!
You die...

...♣♣♣♣ ♣.############
......♣ ♣.#___#___#__#
......♣ ♣.#)..#__)#._#
....~.♣♣♣♣.###'#'###)##
...~~..♣...#..........#
..~†~~.♣♣..'.⌠........#
..~≈≈~~~.♣.#...######'#
.~~≈~~~....#.⌠)#__#...#
.~≈~~~.....#...#@v#...#
.~~~....÷..#'###__#...#
...........#...#__#...+
...........#___#__'...#
▓▓▓▓▓▓▓▓▓▓▓▓▓▓▓▓▓▓▓▓▓▓▓
~ ~ ~ , ~ * , *


You could see a spatial vortex.

Vanquished Creatures
  A deep elf pyromancer (D)
  A shadow (D)
  A water elemental (D)
  A necrophage (D)
  A scorpion (D)
  A jelly (D)
  A necromancer (D)
  3 humans (D)
  A kobold demonologist (D)
  2 endoplasms (D)
  2 rats (D)
15 creatures vanquished.

Vanquished Creatures (others)
  A wizard (D)
  A plant (D)
2 creatures vanquished.

Grand Total: 17 creatures vanquished

Notes
Turn   | Place    | Note
-------+----------+-------------------------------------------
     0 | D        | fozzywoppz the Octopode Hedge Wizard began the quest for
                  | the Orb.
     0 | D        | Reached XP level 1. HP: 11/11 MP: 4/4
     5 | D        | Reached skill level 3 in Stealth
    44 | D        | Learned a level 1 spell: Slow
    69 | D        | Reached skill level 4 in Stealth
    69 | D        | Reached XP level 2. HP: 5/17 MP: 0/6
   125 | D        | Learned a level 2 spell: Blink
   127 | D        | Noticed a scorpion
   148 | D        | Killed a scorpion
   149 | D        | Reached skill level 6 in Stealth
   149 | D        | Reached XP level 3. HP: 10/21 MP: 5/8
   149 | D        | Reached XP level 4. HP: 14/27 MP: 6/10
   269 | D        | Gained mutation: You are partially covered in iridescent
                  | scales. (AC +2) [potion of mutation]
   269 | D        | Gained mutation: You are weak. (Str -2) [potion of
                  | mutation]
   269 | D        | Gained mutation: You are mostly covered in iridescent
                  | scales. (AC +4) [potion of mutation]
   270 | D        | Lost mutation: You are weak. (Str -2) [potion of mutation]
   270 | D        | Lost mutation: You are mostly covered in iridescent scales.
                  | (AC +4) [potion of mutation]
   270 | D        | Gained mutation: You are dopey. (Int -2) [potion of
                  | mutation]
   270 | D        | Gained mutation: You are robust. (+10% HP) [potion of
                  | mutation]
   270 | D        | Gained mutation: You are clumsy. (Dex -2) [potion of
                  | mutation]
   270 | D        | Gained mutation: You have an increased reservoir of magic.
                  | (+10% MP) [potion of mutation]
   271 | D        | Lost mutation: You are partially covered in iridescent
                  | scales. (AC +2) [potion of mutation]
   271 | D        | Lost mutation: You are robust. (+10% HP) [potion of
                  | mutation]
   271 | D        | Gained mutation: You have a considerably increased
                  | reservoir of magic. (+20% MP) [potion of mutation]
   271 | D        | Gained mutation: You expend magic power (3 MP) to
                  | strengthen your wands. [potion of mutation]
   271 | D        | Lost mutation: You are clumsy. (Dex -2) [potion of
                  | mutation]
   272 | D        | Lost mutation: You have a considerably increased reservoir
                  | of magic. (+20% MP) [potion of mutation]
   272 | D        | Lost mutation: You expend magic power (3 MP) to strengthen
                  | your wands. [potion of mutation]
   272 | D        | Lost mutation: You have an increased reservoir of magic.
                  | (+10% MP) [potion of mutation]
   272 | D        | Gained mutation: You are frail. (-10% HP) [potion of
                  | mutation]
   272 | D        | Gained mutation: You expend magic power (3 MP) to
                  | strengthen your wands. [potion of mutation]
   273 | D        | Lost mutation: You expend magic power (3 MP) to strengthen
                  | your wands. [potion of mutation]
   273 | D        | Lost mutation: You are dopey. (Int -2) [potion of mutation]
   273 | D        | Gained mutation: You passively map a small area around you.
                  | [potion of mutation]
   273 | D        | Gained mutation: Potions are less effective at restoring
                  | your health. [potion of mutation]
   273 | D        | Gained mutation: You expend magic power (3 MP) to
                  | strengthen your wands. [potion of mutation]
   274 | D        | Lost mutation: You passively map a small area around you.
                  | [potion of mutation]
   274 | D        | Lost mutation: Potions are less effective at restoring your
                  | health. [potion of mutation]
   274 | D        | Gained mutation: You possess an exceptional clarity of
                  | mind. [potion of mutation]
   274 | D        | Gained mutation: You occasionally shout uncontrollably at
                  | your foes. [potion of mutation]
   289 | D        | Noticed a water elemental
   297 | D        | Killed a water elemental
   298 | D        | Reached skill level 8 in Stealth
   298 | D        | Reached XP level 5. HP: 4/27 MP: 11/11
   393 | D        | Found a radiant altar of Vehumet.
   393 | D        | Found a shimmering blue altar of Sif Muna.
   393 | D        | Found an ancient bone altar of Kikubaaqudgha.
   406 | D        | Reached skill level 9 in Stealth
   412 | D        | Became a worshipper of Sif Muna the Loreminder
   508 | D        | Found a glowing silver altar of Zin.
   508 | D        | Found a glowing golden altar of the Shining One.
   508 | D        | Found a white marble altar of Elyvilon.
   509 | D        | Noticed a deep elf pyromancer
   515 | D        | Killed a deep elf pyromancer
   516 | D        | Reached skill level 10 in Dodging
   516 | D        | Reached skill level 14 in Stealth
   516 | D        | Reached XP level 6. HP: 7/32 MP: 10/12
   516 | D        | Reached XP level 7. HP: 8/36 MP: 10/13
   624 | D        | Found a hide-covered altar of Uskayaw.
   624 | D        | Found an iron altar of Okawaru.
   624 | D        | Found a bloodstained altar of Trog.
   624 | D        | Found an ornate altar of the Wu Jian Council.
   624 | D        | Noticed a human
   624 | D        | Noticed a human
   627 | D        | Killed a human
   628 | D        | Reached skill level 15 in Stealth
   628 | D        | Killed a human
   628 | D        | Reached * piety under Sif Muna
   629 | D        | Reached XP level 8. HP: 48/48 MP: 14/14
   638 | D        | Found a basalt altar of Yredelemnul.
   638 | D        | Found a shadowy altar of Dithmenos.
   638 | D        | Found a sacrificial altar of Ru.
   705 | D        | Noticed a shadow
   707 | D        | Killed a shadow
   707 | D        | Reached ** piety under Sif Muna
   708 | D        | Reached skill level 5 in Invocations
   712 | D        | Reached skill level 5 in Fighting
   714 | D        | Found a blossoming altar of Fedhas.
   714 | D        | Found a stormy altar of Qazlal.
   714 | D        | Found a snail-covered altar of Cheibriados.
   714 | D        | Found a burning altar of Makhleb.
   714 | D        | Found a shimmering altar of Xom.
   715 | D        | Found a hazy altar of Hepliaklqana.
   715 | D        | Found an opulent altar of Gozag.
   715 | D        | Found a sparkling altar of Nemelex Xobeh.
   715 | D        | Found a corrupted altar of Lugonu.
   715 | D        | Found a viscous altar of Jiyva.
   726 | D        | Demolished by a spatial vortex

Illustrated notes

Levels and vault maps discovered:
D:        dungeon_sprint_mu [sprint_mu_entry_forest, sprint_mu_temple_rooms,
          sprint_mu_d1_horrors, sprint_mu_d2_genie, sprint_mu_d3_branching,
          sprint_mu_orc_legion, sprint_mu_elf_gauntlet, sprint_mu_hive_nellie,
          sprint_mu_lair_fedhas, sprint_mu_vaults_butterflies,
          sprint_mu_slime_circle, sprint_mu_swamp_cave, sprint_mu_shoals_kraken,
          sprint_mu_blade_basic, sprint_mu_crypt_chambers,
          sprint_mu_tomb_spiral, sprint_mu_vestibule_basic,
          sprint_mu_gehenna_hellfire, sprint_mu_dis_giant,
          sprint_mu_tartarus_statrot, sprint_mu_cocytus_islands, sprint_mu_zot1]

Skill      XL: |  1  2  3  4  5  6  7  8 |
---------------+-------------------------+-----
Stealth        | 4 6 8 14 15 | 15.0
Dodging        | 3 4 6 10 11 | 11.2
Conjurations   | 2 3 4 |  4.0
Summonings     | 2 |  2.0
Translocations | 2 3 |  3.0
Spellcasting   | 4 |  4.0
Fighting       | 3 5 |  5.0
Invocations    | 4 5 |  5.5

Action                     |  1- 3 |  4- 6 |  7- 9 || total
---------------------------+-------+-------+-------++-------
  Melee: Dagger            |    21 |    15 |    22 ||    58
         Tentacles         |     7 |     5 |     5 ||    17
         Constrict         |     2 |     2 |     2 ||     6
   Cast: Magic Dart        |     4 |     1 |       ||     5
         Slow              |     2 |     1 |     1 ||     4
    Use: Potion            |       |     6 |       ||     6
         Scroll            |       |     2 |       ||     2
   Stab: Sleeping          |     4 |     2 |     4 ||    10
 Armour: Skin              |       |       |     1 ||     1
  Dodge: Dodged            |    13 |     5 |    10 ||    28

Table legend: (Time is in decaauts)
 A = Elapsed time spent in this place.
 B = Non-inter-level travel time spent in this place.
 C = Inter-level travel time spent in this place.
 D = Time resting spent in this place.
 E = Time spent auto-exploring this place.
 F = Levels seen in this place.
 G = Mean time per level.
                   A        B        C        D        E       F      G
               +--------+--------+--------+--------+--------+-----+--------+
         Total |    725 |    725 |      0 |    473 |      0 |   1 |  725.0 |
       Dungeon |    725 |    725 |      0 |    473 |      0 |   1 |  725.0 |
               +--------+--------+--------+--------+--------+-----+--------+

Top non-repeatable levels by time:
       D: 725 daAuts
